Blackhawks vs Capitals
Created - March 19, 2021 at 19:04
Goals
|
| Blackhawks |
1 |
1 |
0 |
2 |
| Capitals |
2 |
1 |
0 |
3 |
|
Shots
|
| Blackhawks |
10 |
15 |
7 |
32 |
| Capitals |
11 |
7 |
10 |
28 |
|
1st period
1. Capitals , Dustin Brown 6 (Trevor Daley 12) at 0:45
2. Capitals , Patrick Sharp 24 (Joe Pavelski 34, Derek Roy 52) at 2:53
3. Blackhawks , Antoine Roussel 33 (Rick Nash 25, John Carlson 36) at 18:56 (PP)
Penalties :
Jamie McBain (Chi) for Interference (Minor) at 6:20, Patrick Sharp (Was) for Slashing (Minor) at 12:19, Mike Green (Was) for Elbowing (Minor) at 18:51
2nd period
4. Capitals , Joe Pavelski 32 (Derek Roy 53) at 0:21 (PP)
5. Blackhawks , Johnny Gaudreau 25 (Derick Brassard 45) at 5:04
Penalties :
Blake Wheeler (Chi) for Hooking (Minor) at 0:20
3rd period
No Goal
Penalties :
No Penalty
Goalie Stats
Jimmy Howard (Chi), 25 saves from 28 shots - (0.893), L, 24-20-4, 59:03 minutes
Marc-André Fleury (Was), 30 saves from 32 shots - (0.938), W, 24-17-8, 60:00 minutes
Players Stats for Blackhawks
Player Name G A P +/- PIM S H SB GA TA FO MP PP MP PK MP
------------------------------------------------------------------------------------
Antoine Roussel 1 0 1 0 0 4 1 0 0 1 1/4 18:46 1:05 1:04
Blake Wheeler 0 0 0 -1 2 1 2 0 0 0 0/0 14:09 0:52 0:00
Derick Brassard 0 1 1 -1 0 1 0 1 0 1 8/8 15:22 0:52 0:35
Gabriel Bourque 0 0 0 0 0 3 1 0 0 0 0/0 10:01 0:00 0:00
Garnet Hathaway 0 0 0 0 0 1 1 0 0 0 0/0 10:01 0:00 0:00
Gustav Nyquist 0 0 0 0 0 2 0 0 0 1 0/1 14:11 0:00 0:00
Jamie McBain 0 0 0 -1 2 2 3 2 2 1 0/0 24:15 1:13 0:01
John Carlson 0 1 1 -1 0 0 1 2 0 0 0/0 24:44 1:13 1:17
Johnny Gaudreau 1 0 1 -1 0 4 0 1 0 0 0/2 15:34 0:52 0:47
Jordan Staal 0 0 0 0 0 1 1 0 0 0 14/22 19:03 1:12 1:04
Matthew Spiller 0 0 0 1 0 0 0 1 0 0 0/0 16:13 0:00 0:13
Mike Comrie 0 0 0 0 0 5 0 0 1 0 1/3 11:20 0:07 0:00
Nick Leddy 0 0 0 -1 0 0 1 0 2 1 0/0 19:29 0:51 1:04
Patrick Marleau 0 0 0 0 0 0 1 0 0 1 0/1 15:43 0:00 0:30
Rick Nash 0 1 1 0 0 3 1 0 1 0 1/2 17:42 1:05 0:00
Ryan Whitney 0 0 0 1 0 0 1 0 0 0 0/0 15:34 0:00 0:13
Tim Connolly 0 0 0 0 0 4 4 1 0 0 0/1 15:47 0:07 0:00
Torey Krug 0 0 0 -1 0 1 0 1 1 1 0/0 20:04 0:51 1:12
Players Stats for Capitals
Player Name G A P +/- PIM S H SB GA TA FO MP PP MP PK MP
------------------------------------------------------------------------------------
Alexander Steen 0 0 0 1 0 3 1 1 0 0 0/1 15:08 0:02 0:28
Brent Burns 0 0 0 0 0 0 0 0 1 2 0/0 21:22 1:11 1:17
Derek Roy 0 2 2 0 0 3 1 0 2 1 6/16 21:15 1:04 0:35
Duncan Keith 0 0 0 0 0 0 0 3 1 1 0/0 19:36 0:49 0:47
Dustin Brown 1 0 1 1 0 7 1 0 0 0 0/0 14:15 0:02 0:00
Jamie Benn 0 0 0 0 0 1 3 0 0 0 0/0 16:57 0:56 0:00
Jared Spurgeon 0 0 0 1 0 0 0 1 0 0 0/0 4:40 0:00 0:00
Jason Pominville 0 0 0 0 0 3 5 0 0 1 0/0 17:58 0:56 1:01
Joe Pavelski 1 1 2 0 0 2 1 1 1 2 3/5 25:58 1:02 1:01
Marc-Édouard Vlasic 0 0 0 0 0 1 0 0 0 0 0/0 14:40 0:00 0:05
Mike Green 0 0 0 1 2 1 1 0 0 0 0/0 25:43 1:11 1:12
Mikko Koivu 0 0 0 1 0 1 2 0 0 0 2/6 14:23 0:00 0:28
Ondrej Palat 0 0 0 0 0 0 0 0 0 0 0/0 6:46 0:00 0:00
Patrick Sharp 1 0 1 0 2 2 2 2 1 0 0/1 20:57 1:02 0:00
Ryan Getzlaf 0 0 0 0 0 1 3 0 0 0 7/14 17:32 0:56 0:35
Ryan Suter 0 0 0 0 0 1 1 4 0 0 0/0 14:35 0:00 0:00
T.J. Oshie 0 0 0 0 0 0 2 0 1 0 1/1 6:46 0:00 0:00
Trevor Daley 0 1 1 0 0 2 0 2 0 0 0/0 19:23 0:49 0:47
3 Stars
1 - Joe Pavelski (Was)
2 - Dustin Brown (Was)
3 - Marc-André Fleury (Was)
Power Play
Blackhawks - 1 on 2 Attempt(s) - 50.00%
Capitals - 1 on 2 Attempt(s) - 50.00%
Penalty Kill
Blackhawks - 1 on 2 Attempt(s) - 50.00%
- Score 0 goal in Penalty Kill
Capitals - 1 on 2 Attempt(s) - 50.00%
- Score 0 goal in Penalty Kill
Team Stat
Blackhawks - Hits : 18 - Faceoff Wins : 25 - Blocked Shots : 9 - Penalty Minutes : 4
Capitals - Hits : 23 - Faceoff Wins : 19 - Blocked Shots : 14 - Penalty Minutes : 4
Official
Referees : Unknown
Linesman : Unknown
Game Notes
No Game Note
Finance
Level 1 -- Attendance: 5556 (92.60%) -- Ticket Income $566,712
Level 2 -- Attendance: 4996 (99.92%) -- Ticket Income $259,792
Level 3 -- Attendance: 1805 (90.25%) -- Ticket Income $75,810
Level 4 -- Attendance: 4000 (100.00%) -- Ticket Income $104,000
Luxury Box -- Attendance: 824 (82.40%) -- Ticket Income $159,032
Game was played at the Verizon Center.
Total Attendance: 17181 (95.45%)
Total Ticket Income: $1,165,346
Other Income: $174,802
Total Income: $1,340,148
Blackhawks
5 vs 5 Forward
Center Left Wing Right Wing Time % Phy DF OF
1 Jordan Staal Antoine Roussel Rick Nash 40 1 2 2
2 Derick Brassard Johnny Gaudreau Blake Wheeler 30 1 2 2
3 Tim Connolly Patrick Marleau Gustav Nyquist 20 1 2 2
4 Mike Comrie Gabriel Bourque Garnet Hathaway 10 1 2 2
5 vs 5 Defense
Defense Defense Time % Phy DF OF
1 John Carlson Jamie McBain 40 1 2 2
2 Torey Krug Nick Leddy 30 1 2 2
3 Matthew Spiller Ryan Whitney 20 1 2 2
4 John Carlson Jamie McBain 10 1 2 2
PowerPlay Forward
Center Left Wing Right Wing Time % Phy DF OF
1 Jordan Staal Antoine Roussel Rick Nash 60 1 2 2
2 Derick Brassard Johnny Gaudreau Blake Wheeler 40 1 2 2
PowerPlay Defense
Defense Defense Time % Phy DF OF
1 John Carlson Jamie McBain 60 1 2 2
2 Torey Krug Nick Leddy 40 1 2 2
Penalty Kill 4 Players Forward
Center Wing Time % Phy DF OF
1 Antoine Roussel Jordan Staal 60 1 2 2
2 Derick Brassard Johnny Gaudreau 40 1 2 2
Penalty Kill 4 Players Defense
Defense Defense Time % Phy DF OF
1 John Carlson Jamie McBain 60 1 2 2
2 Torey Krug Nick Leddy 40 1 2 2
Penalty Kill - 3 Players Forward
Forward Time % Phy DF OF
1 Antoine Roussel 60 1 2 2
2 Jordan Staal 40 1 2 2
Penalty Kill - 3 Players Defense
Defense Defense Time % Phy DF OF
1 John Carlson Jamie McBain 60 1 2 2
2 Torey Krug Nick Leddy 40 1 2 2
4 vs 4 Forward
Center Wing Time % Phy DF OF
1 Antoine Roussel Jordan Staal 60 1 2 2
2 Derick Brassard Johnny Gaudreau 40 1 2 2
4 vs 4 Defense
Defense Defense Time % Phy DF OF
1 John Carlson Jamie McBain 60 1 2 2
2 Torey Krug Nick Leddy 40 1 2 2
Last Minutes Offensive
Center Left Wing Right Wing Defense Defense
Jordan Staal Antoine Roussel Rick Nash John Carlson Jamie McBain
Last Minutes Defensive
Center Left Wing Right Wing Defense Defense
Jordan Staal Antoine Roussel Rick Nash John Carlson Jamie McBain
Goaltenders
Starting : Jimmy Howard
Backup : Pekka Rinne
Extra Forwards
Normal : Tim Connolly, Mike Comrie, Patrick Marleau - PP : Tim Connolly, Mike Comrie - PK : Patrick Marleau
Extra Defensemen
Normal : Matthew Spiller, Ryan Whitney, Torey Krug - PP : Matthew Spiller - PK : Ryan Whitney, Torey Krug
Penalty Shots
Antoine Roussel, Jordan Staal, Derick Brassard, Johnny Gaudreau, Rick Nash
Scratches
None
Capitals
5 vs 5 Forward
Center Left Wing Right Wing Time % Phy DF OF
1 Derek Roy Patrick Sharp Joe Pavelski 40 1 2 2
2 Ryan Getzlaf Jamie Benn Jason Pominville 30 1 2 2
3 Mikko Koivu Alexander Steen Dustin Brown 20 1 2 2
4 Joe Pavelski Ondrej Palat T.J. Oshie 10 1 2 2
5 vs 5 Defense
Defense Defense Time % Phy DF OF
1 Mike Green Brent Burns 40 1 2 2
2 Trevor Daley Duncan Keith 30 1 2 2
3 Ryan Suter Marc-Édouard Vlasic 20 1 2 2
4 Jared Spurgeon Mike Green 10 1 2 2
PowerPlay Forward
Center Left Wing Right Wing Time % Phy DF OF
1 Derek Roy Patrick Sharp Joe Pavelski 60 1 2 2
2 Ryan Getzlaf Jamie Benn Jason Pominville 40 1 2 2
PowerPlay Defense
Defense Defense Time % Phy DF OF
1 Mike Green Brent Burns 60 1 2 2
2 Trevor Daley Duncan Keith 40 1 2 2
Penalty Kill 4 Players Forward
Center Wing Time % Phy DF OF
1 Joe Pavelski Jason Pominville 60 1 2 2
2 Derek Roy Ryan Getzlaf 40 1 2 2
Penalty Kill 4 Players Defense
Defense Defense Time % Phy DF OF
1 Mike Green Brent Burns 60 1 2 2
2 Trevor Daley Duncan Keith 40 1 2 2
Penalty Kill - 3 Players Forward
Forward Time % Phy DF OF
1 Joe Pavelski 60 1 2 2
2 Jason Pominville 40 1 2 2
Penalty Kill - 3 Players Defense
Defense Defense Time % Phy DF OF
1 Mike Green Brent Burns 60 1 2 2
2 Trevor Daley Duncan Keith 40 1 2 2
4 vs 4 Forward
Center Wing Time % Phy DF OF
1 Joe Pavelski Jason Pominville 60 1 2 2
2 Derek Roy Ryan Getzlaf 40 1 2 2
4 vs 4 Defense
Defense Defense Time % Phy DF OF
1 Mike Green Brent Burns 60 1 2 2
2 Trevor Daley Duncan Keith 40 1 2 2
Last Minutes Offensive
Center Left Wing Right Wing Defense Defense
Derek Roy Patrick Sharp Joe Pavelski Mike Green Brent Burns
Last Minutes Defensive
Center Left Wing Right Wing Defense Defense
Derek Roy Patrick Sharp Joe Pavelski Mike Green Brent Burns
Goaltenders
Starting : Marc-André Fleury
Backup : Keith Kinkaid
Extra Forwards
Normal : Alexander Steen, Dustin Brown, Mikko Koivu - PP : Alexander Steen, Dustin Brown - PK : Mikko Koivu
Extra Defensemen
Normal : Ryan Suter, Marc-Édouard Vlasic, Jared Spurgeon - PP : Ryan Suter - PK : Marc-Édouard Vlasic, Jared Spurgeon
Penalty Shots
Joe Pavelski, Jason Pominville, Derek Roy, Ryan Getzlaf, Patrick Sharp
Scratches
Ryan Nugent-Hopkins (Healthy)
% Time on Ice - Blackhawks
Lines # - Real PCT - Wanted PCT - Time Play
Normal Forward
1 - 32% - 40% - 17:24
2 - 24% - 30% - 13:18
3 - 26% - 20% - 14:11
4 - 18% - 10% - 10:01
Normal Defense
1 - 38% - 40% - 20:41
2 - 31% - 30% - 16:51
3 - 27% - 20% - 15:01
4 - 4% - 10% - 2:21
PP Forward
1 - 58% - 60% - 1:12
2 - 42% - 40% - 0:52
PP Defense
1 - 59% - 60% - 1:13
2 - 41% - 40% - 0:51
PK Forward
1 - 72% - 60% - 1:26
2 - 28% - 40% - 0:34
PK Defense
1 - 75% - 60% - 1:30
2 - 25% - 40% - 0:30
PK3 Forward
1 - 0% - 60%
2 - 0% - 40%
PK3 Defense
1 - 0% - 60%
2 - 0% - 40%
44 Forward
1 - 0% - 60%
2 - 0% - 40%
44 Defense
1 - 0% - 60%
2 - 0% - 40%
Last Minute Offensive - 1:02
Last Minute Defensive - 0:00
Total
Forward - 60:00
Defense - 60:00
|
% Time on Ice - Capitals
Lines # - Real PCT - Wanted PCT - Time Play
Normal Forward
1 - 35% - 40% - 19:02
2 - 29% - 30% - 16:01
3 - 24% - 20% - 13:04
4 - 12% - 10% - 6:46
Normal Defense
1 - 33% - 40% - 17:51
2 - 32% - 30% - 17:47
3 - 27% - 20% - 14:35
4 - 9% - 10% - 4:40
PP Forward
1 - 53% - 60% - 1:04
2 - 47% - 40% - 0:56
PP Defense
1 - 59% - 60% - 1:11
2 - 41% - 40% - 0:49
PK Forward
1 - 72% - 60% - 1:29
2 - 28% - 40% - 0:35
PK Defense
1 - 62% - 60% - 1:17
2 - 38% - 40% - 0:47
PK3 Forward
1 - 0% - 60%
2 - 0% - 40%
PK3 Defense
1 - 0% - 60%
2 - 0% - 40%
44 Forward
1 - 0% - 60%
2 - 0% - 40%
44 Defense
1 - 0% - 60%
2 - 0% - 40%
Last Minute Offensive - 0:00
Last Minute Defensive - 1:03
Total
Forward - 60:00
Defense - 60:00
|
Play-by-Play
1st period
0:01 of 1st period - Derek Roy wins face-off versus Jordan Staal in neutral zone.
0:45 of 1st period - Slapshot by Dustin Brown.
0:45 of 1st period - Goal by Dustin Brown - Blackhawks : 0 - Capitals : 1.
0:46 of 1st period - T.J. Oshie wins face-off versus Tim Connolly in neutral zone.
2:21 of 1st period - Icing by Tim Connolly.
2:22 of 1st period - Mikko Koivu wins face-off versus Patrick Marleau in Blackhawks zone.
2:23 of 1st period - Slapshot by Dustin Brown.
2:23 of 1st period - Stopped by Jimmy Howard without a rebound.
2:24 of 1st period - Jordan Staal wins face-off versus Mikko Koivu in Blackhawks zone.
2:31 of 1st period - Snap shot by Antoine Roussel.
2:31 of 1st period - Stopped by Marc-André Fleury with a rebound.
2:39 of 1st period - Slapshot by Dustin Brown.
2:39 of 1st period - Stopped by Jimmy Howard with a rebound.
2:43 of 1st period - Snap shot by Mikko Koivu.
2:43 of 1st period - Shot Misses the Net.
2:45 of 1st period - Snap shot by Dustin Brown.
2:45 of 1st period - Stopped by Jimmy Howard with a rebound.
2:47 of 1st period - Wrist shot by Dustin Brown.
2:47 of 1st period - Shot Blocked by John Carlson.
2:49 of 1st period - Wrist shot by Dustin Brown.
2:49 of 1st period - Stopped by Jimmy Howard without a rebound.
2:50 of 1st period - Derek Roy wins face-off versus Johnny Gaudreau in Blackhawks zone.
2:51 of 1st period - Snap shot by Joe Pavelski.
2:51 of 1st period - Shot Misses the Net.
2:53 of 1st period - Slapshot by Patrick Sharp.
2:53 of 1st period - Goal by Patrick Sharp - Blackhawks : 0 - Capitals : 2.
2:54 of 1st period - Derick Brassard wins face-off versus Derek Roy in neutral zone.
2:59 of 1st period - Patrick Sharp is hit by Blake Wheeler and loses puck.
4:10 of 1st period - Wrist shot by Antoine Roussel.
4:10 of 1st period - Shot Blocked by Trevor Daley.
6:01 of 1st period - Snap shot by Patrick Sharp.
6:01 of 1st period - Shot Misses the Net.
6:13 of 1st period - Patrick Marleau is hit by Jason Pominville and loses puck.
6:20 of 1st period - Minor Penalty to Jamie McBain for Interference.
6:21 of 1st period - Joe Pavelski wins face-off versus Antoine Roussel in Blackhawks zone.
6:48 of 1st period - John Carlson is hit by Mike Green and loses puck.
7:19 of 1st period - Johnny Gaudreau is hit by Jason Pominville and loses puck.
8:20 of 1st period - Penalty to Jamie McBain is over, Jamie McBain is back on ice.
8:33 of 1st period - Snap shot by Jamie McBain.
8:33 of 1st period - Stopped by Marc-André Fleury with a rebound.
8:39 of 1st period - Matthew Spiller is hit by Mikko Koivu.
8:45 of 1st period - Trevor Daley is hit by Tim Connolly and loses puck.
8:50 of 1st period - Slapshot by Derick Brassard.
8:50 of 1st period - Shot Misses the Net.
8:52 of 1st period - Wrist shot by Derick Brassard.
8:52 of 1st period - Stopped by Marc-André Fleury with a rebound.
8:54 of 1st period - Snap shot by Tim Connolly.
8:54 of 1st period - Stopped by Marc-André Fleury with a rebound.
8:56 of 1st period - Wrist shot by Tim Connolly.
8:56 of 1st period - Deflect By Johnny Gaudreau.
8:56 of 1st period - Stopped by Marc-André Fleury without a rebound.
8:57 of 1st period - Joe Pavelski wins face-off versus Mike Comrie in Capitals zone.
9:12 of 1st period - Marc-Édouard Vlasic is hit by Jamie McBain and loses puck.
9:23 of 1st period - Jamie McBain is hit by Ryan Getzlaf and loses puck.
10:18 of 1st period - John Carlson is hit by Jamie Benn and loses puck.
10:33 of 1st period - Joe Pavelski is hit by Jordan Staal and loses puck.
10:48 of 1st period - Ryan Suter is hit by Jamie McBain and loses puck.
10:53 of 1st period - Wrist shot by Johnny Gaudreau.
10:53 of 1st period - Stopped by Marc-André Fleury without a rebound.
10:54 of 1st period - Derick Brassard wins face-off versus Mikko Koivu in Capitals zone.
10:57 of 1st period - Wrist shot by Derick Brassard.
10:57 of 1st period - Shot Misses the Net.
10:59 of 1st period - Slapshot by Nick Leddy.
10:59 of 1st period - Shot Misses the Net.
11:01 of 1st period - Snap shot by Johnny Gaudreau.
11:01 of 1st period - Shot Misses the Net.
11:03 of 1st period - Snap shot by Blake Wheeler.
11:03 of 1st period - Shot Misses the Net.
11:05 of 1st period - Snap shot by Blake Wheeler.
11:05 of 1st period - Shot Misses the Net.
11:23 of 1st period - Slapshot by Ryan Getzlaf.
11:23 of 1st period - Shot Misses the Net.
11:25 of 1st period - Slapshot by Mike Green.
11:25 of 1st period - Deflect By Jason Pominville.
11:25 of 1st period - Stopped by Jimmy Howard with a rebound.
11:37 of 1st period - Gustav Nyquist is hit by Patrick Sharp and loses puck.
11:42 of 1st period - Snap shot by Derek Roy.
11:42 of 1st period - Shot Misses the Net.
12:12 of 1st period - Snap shot by Gabriel Bourque.
12:12 of 1st period - Stopped by Marc-André Fleury without a rebound.
12:13 of 1st period - Jordan Staal wins face-off versus Patrick Sharp in Capitals zone.
12:19 of 1st period - Minor Penalty to Patrick Sharp for Slashing.
12:20 of 1st period - Joe Pavelski wins face-off versus Jordan Staal in Capitals zone.
12:36 of 1st period - Wrist shot by Jordan Staal.
12:36 of 1st period - Shot Misses the Net.
14:16 of 1st period - Wrist shot by Alexander Steen.
14:16 of 1st period - Stopped by Jimmy Howard with a rebound.
14:19 of 1st period - Penalty to Patrick Sharp is over, Patrick Sharp is back on ice.
15:23 of 1st period - Ryan Whitney is hit by Joe Pavelski and loses puck.
17:38 of 1st period - Trevor Daley is hit by Garnet Hathaway and loses puck.
17:45 of 1st period - Torey Krug is hit by Jason Pominville and loses puck.
17:56 of 1st period - Snap shot by Alexander Steen.
17:56 of 1st period - Stopped by Jimmy Howard with a rebound.
17:58 of 1st period - Snap shot by Dustin Brown.
17:58 of 1st period - Stopped by Jimmy Howard without a rebound.
17:59 of 1st period - Mikko Koivu wins face-off versus Johnny Gaudreau in Blackhawks zone.
18:00 of 1st period - Wrist shot by Dustin Brown.
18:00 of 1st period - Stopped by Jimmy Howard with a rebound.
18:22 of 1st period - Snap shot by Derek Roy.
18:22 of 1st period - Shot Misses the Net.
18:46 of 1st period - Wrist shot by Tim Connolly.
18:46 of 1st period - Stopped by Marc-André Fleury without a rebound.
18:47 of 1st period - Jordan Staal wins face-off versus Derek Roy in Capitals zone.
18:51 of 1st period - Minor Penalty to Mike Green for Elbowing.
18:52 of 1st period - Jordan Staal wins face-off versus Joe Pavelski in Capitals zone.
18:56 of 1st period - Wrist shot by Antoine Roussel.
18:56 of 1st period - Goal by Antoine Roussel - Blackhawks : 1 - Capitals : 2.
18:57 of 1st period - Jordan Staal wins face-off versus Derek Roy in neutral zone.
19:02 of 1st period - Slapshot by Jamie McBain.
19:02 of 1st period - Shot Misses the Net.
19:04 of 1st period - Slapshot by Jordan Staal.
19:04 of 1st period - Shot Misses the Net.
19:28 of 1st period - Backhand shot by Johnny Gaudreau.
19:28 of 1st period - Stopped by Marc-André Fleury with a rebound.
Goals for this period are 1 for Blackhawks vs 2 for Capitals.
Shots for this period are 10 for Blackhawks vs 11 for Capitals.
2nd period
0:01 of 2nd period - Derek Roy wins face-off versus Jordan Staal in neutral zone.
0:12 of 2nd period - Snap shot by Patrick Sharp.
0:12 of 2nd period - Shot Misses the Net.
0:16 of 2nd period - Backhand shot by Derek Roy.
0:16 of 2nd period - Stopped by Jimmy Howard without a rebound.
0:17 of 2nd period - Derick Brassard wins face-off versus Ryan Getzlaf in Blackhawks zone.
0:17 of 2nd period - Derick Brassard is hit by Ryan Getzlaf.
0:20 of 2nd period - Minor Penalty to Blake Wheeler for Hooking.
0:21 of 2nd period - Derek Roy wins face-off versus Antoine Roussel in Blackhawks zone.
0:21 of 2nd period - Wrist shot by Joe Pavelski.
0:21 of 2nd period - Goal by Joe Pavelski - Blackhawks : 1 - Capitals : 3.
0:22 of 2nd period - Jordan Staal wins face-off versus Derek Roy in neutral zone.
0:33 of 2nd period - Snap shot by Rick Nash.
0:33 of 2nd period - Stopped by Marc-André Fleury without a rebound.
0:34 of 2nd period - Jordan Staal wins face-off versus Derek Roy in Capitals zone.
0:45 of 2nd period - Slapshot by Jordan Staal.
0:45 of 2nd period - Stopped by Marc-André Fleury without a rebound.
0:46 of 2nd period - Derek Roy wins face-off versus Antoine Roussel in Capitals zone.
1:13 of 2nd period - Jason Pominville is hit by John Carlson and loses puck.
1:20 of 2nd period - Snap shot by Trevor Daley.
1:20 of 2nd period - Deflect By John Carlson.
1:20 of 2nd period - Stopped by Jimmy Howard without a rebound.
1:21 of 2nd period - Derick Brassard wins face-off versus Derek Roy in Blackhawks zone.
1:21 of 2nd period - Derick Brassard is hit by Patrick Sharp.
1:35 of 2nd period - Snap shot by Johnny Gaudreau.
1:35 of 2nd period - Shot Blocked by Patrick Sharp.
1:37 of 2nd period - Snap shot by Blake Wheeler.
1:37 of 2nd period - Shot Misses the Net.
1:55 of 2nd period - Snap shot by Tim Connolly.
1:55 of 2nd period - Stopped by Marc-André Fleury with a rebound.
1:57 of 2nd period - Wrist shot by Patrick Marleau.
1:57 of 2nd period - Shot Misses the Net.
1:59 of 2nd period - Wrist shot by Tim Connolly.
1:59 of 2nd period - Stopped by Marc-André Fleury with a rebound.
3:10 of 2nd period - Torey Krug is hit by Ryan Suter and loses puck.
3:17 of 2nd period - Slapshot by Mike Comrie.
3:17 of 2nd period - Stopped by Marc-André Fleury with a rebound.
3:47 of 2nd period - Blake Wheeler is hit by Alexander Steen and loses puck.
4:15 of 2nd period - Patrick Marleau is hit by Dustin Brown.
4:29 of 2nd period - Slapshot by Mike Green.
4:29 of 2nd period - Shot Misses the Net.
4:47 of 2nd period - Dustin Brown is hit by Antoine Roussel and loses puck.
5:04 of 2nd period - Wrist shot by Johnny Gaudreau.
5:04 of 2nd period - Goal by Johnny Gaudreau - Blackhawks : 2 - Capitals : 3.
5:05 of 2nd period - Ryan Getzlaf wins face-off versus Jordan Staal in neutral zone.
6:32 of 2nd period - Antoine Roussel is hit by Jamie Benn.
7:10 of 2nd period - Snap shot by Blake Wheeler.
7:10 of 2nd period - Stopped by Marc-André Fleury with a rebound.
7:12 of 2nd period - Slapshot by Tim Connolly.
7:12 of 2nd period - Shot Misses the Net.
7:18 of 2nd period - Snap shot by Gustav Nyquist.
7:18 of 2nd period - Stopped by Marc-André Fleury without a rebound.
7:19 of 2nd period - Ryan Getzlaf wins face-off versus Jordan Staal in Capitals zone.
7:45 of 2nd period - Jamie McBain is hit by Derek Roy and loses puck.
8:14 of 2nd period - Trevor Daley is hit by Tim Connolly and loses puck.
8:55 of 2nd period - Slapshot by Mike Comrie.
8:55 of 2nd period - Stopped by Marc-André Fleury without a rebound.
8:56 of 2nd period - Jordan Staal wins face-off versus Ryan Getzlaf in Capitals zone.
9:05 of 2nd period - Wrist shot by Mike Green.
9:05 of 2nd period - Stopped by Jimmy Howard with a rebound.
9:33 of 2nd period - Wrist shot by Tim Connolly.
9:33 of 2nd period - Shot Misses the Net.
9:35 of 2nd period - Slapshot by Patrick Marleau.
9:35 of 2nd period - Shot Misses the Net.
11:36 of 2nd period - Jason Pominville is hit by Blake Wheeler and loses puck.
12:03 of 2nd period - Slapshot by Jamie McBain.
12:03 of 2nd period - Shot Blocked by Alexander Steen.
12:33 of 2nd period - Torey Krug is hit by T.J. Oshie and loses puck.
12:46 of 2nd period - Slapshot by Antoine Roussel.
12:46 of 2nd period - Shot Blocked by Ryan Suter.
12:48 of 2nd period - Snap shot by Jordan Staal.
12:48 of 2nd period - Shot Misses the Net.
12:50 of 2nd period - Snap shot by Nick Leddy.
12:50 of 2nd period - Deflect By Rick Nash.
12:50 of 2nd period - Stopped by Marc-André Fleury with a rebound.
12:52 of 2nd period - Slapshot by Rick Nash.
12:52 of 2nd period - Stopped by Marc-André Fleury without a rebound.
12:53 of 2nd period - Derek Roy wins face-off versus Rick Nash in Capitals zone.
12:53 of 2nd period - Derek Roy is hit by Rick Nash.
13:29 of 2nd period - Dustin Brown is hit by Nick Leddy and loses puck.
13:42 of 2nd period - Wrist shot by Ryan Getzlaf.
13:42 of 2nd period - Shot Blocked by Derick Brassard.
13:48 of 2nd period - Wrist shot by Ryan Getzlaf.
13:48 of 2nd period - Shot Misses the Net.
13:50 of 2nd period - Slapshot by Brent Burns.
13:50 of 2nd period - Shot Blocked by Johnny Gaudreau.
14:04 of 2nd period - Snap shot by Antoine Roussel.
14:04 of 2nd period - Stopped by Marc-André Fleury with a rebound.
14:06 of 2nd period - Snap shot by Antoine Roussel.
14:06 of 2nd period - Shot Misses the Net.
14:08 of 2nd period - Slapshot by Torey Krug.
14:08 of 2nd period - Shot Blocked by Trevor Daley.
14:10 of 2nd period - Slapshot by Torey Krug.
14:10 of 2nd period - Deflect By Jordan Staal.
14:10 of 2nd period - Shot Blocked by Joe Pavelski.
14:10 of 2nd period - Puck is out of play.
14:11 of 2nd period - Ryan Getzlaf wins face-off versus Jordan Staal in Capitals zone.
14:20 of 2nd period - Snap shot by Jamie Benn.
14:20 of 2nd period - Stopped by Jimmy Howard without a rebound.
14:21 of 2nd period - Jordan Staal wins face-off versus Ryan Getzlaf in Blackhawks zone.
14:26 of 2nd period - Slapshot by Jamie McBain.
14:26 of 2nd period - Shot Misses the Net.
14:28 of 2nd period - Wrist shot by Antoine Roussel.
14:28 of 2nd period - Stopped by Marc-André Fleury without a rebound.
14:29 of 2nd period - Jordan Staal wins face-off versus Derek Roy in Capitals zone.
14:56 of 2nd period - Derek Roy is hit by Patrick Marleau and loses puck.
15:13 of 2nd period - Slapshot by Joe Pavelski.
15:13 of 2nd period - Shot Hit the Post.
15:15 of 2nd period - Wrist shot by Patrick Sharp.
15:15 of 2nd period - Shot Blocked by Jamie McBain.
15:41 of 2nd period - Wrist shot by Derek Roy.
15:41 of 2nd period - Shot Misses the Net.
15:43 of 2nd period - Slapshot by Ryan Suter.
15:43 of 2nd period - Stopped by Jimmy Howard with a rebound.
16:11 of 2nd period - Slapshot by Jamie McBain.
16:11 of 2nd period - Stopped by Marc-André Fleury with a rebound.
16:13 of 2nd period - Snap shot by Patrick Marleau.
16:13 of 2nd period - Shot Misses the Net.
16:15 of 2nd period - Snap shot by John Carlson.
16:15 of 2nd period - Shot Blocked by Duncan Keith.
16:45 of 2nd period - Wrist shot by Joe Pavelski.
16:45 of 2nd period - Shot Blocked by Tim Connolly.
17:09 of 2nd period - Wrist shot by Patrick Sharp.
17:09 of 2nd period - Shot Misses the Net.
18:27 of 2nd period - Slapshot by Jamie McBain.
18:27 of 2nd period - Shot Blocked by Duncan Keith.
18:46 of 2nd period - Slapshot by Jamie McBain.
18:46 of 2nd period - Shot Blocked by Duncan Keith.
18:48 of 2nd period - Wrist shot by Tim Connolly.
18:48 of 2nd period - Shot Misses the Net.
19:16 of 2nd period - Snap shot by Gustav Nyquist.
19:16 of 2nd period - Stopped by Marc-André Fleury without a rebound.
19:17 of 2nd period - Jordan Staal wins face-off versus Ryan Getzlaf in Capitals zone.
19:46 of 2nd period - Wrist shot by Alexander Steen.
19:46 of 2nd period - Stopped by Jimmy Howard without a rebound.
19:47 of 2nd period - Derick Brassard wins face-off versus Mikko Koivu in Blackhawks zone.
19:54 of 2nd period - Wrist shot by Derick Brassard.
19:54 of 2nd period - Shot Misses the Net.
19:56 of 2nd period - Slapshot by Matthew Spiller.
19:56 of 2nd period - Shot Blocked by Ryan Suter.
19:58 of 2nd period - Snap shot by Blake Wheeler.
19:58 of 2nd period - Shot Blocked by Ryan Suter.
Goals for this period are 1 for Blackhawks vs 1 for Capitals.
Shots for this period are 15 for Blackhawks vs 7 for Capitals.
3rd period
0:01 of 3rd period - Rick Nash wins face-off versus Ryan Getzlaf in neutral zone.
0:56 of 3rd period - Wrist shot by Mikko Koivu.
0:56 of 3rd period - Stopped by Jimmy Howard without a rebound.
0:57 of 3rd period - Jordan Staal wins face-off versus Mikko Koivu in Blackhawks zone.
1:24 of 3rd period - Mikko Koivu is hit by Gabriel Bourque and loses puck.
2:18 of 3rd period - Jordan Staal is hit by Ryan Getzlaf and loses puck.
2:39 of 3rd period - Slapshot by Joe Pavelski.
2:39 of 3rd period - Shot Misses the Net.
2:41 of 3rd period - Slapshot by Trevor Daley.
2:41 of 3rd period - Stopped by Jimmy Howard with a rebound.
2:47 of 3rd period - Slapshot by Patrick Sharp.
2:47 of 3rd period - Deflect By Joe Pavelski.
2:47 of 3rd period - Stopped by Jimmy Howard with a rebound.
2:49 of 3rd period - Snap shot by Duncan Keith.
2:49 of 3rd period - Shot Blocked by Torey Krug.
2:51 of 3rd period - Snap shot by Patrick Sharp.
2:51 of 3rd period - Stopped by Jimmy Howard without a rebound.
2:52 of 3rd period - Ryan Getzlaf wins face-off versus Jordan Staal in Blackhawks zone.
3:01 of 3rd period - Wrist shot by Jason Pominville.
3:01 of 3rd period - Stopped by Jimmy Howard with a rebound.
3:03 of 3rd period - Snap shot by Ryan Getzlaf.
3:03 of 3rd period - Shot Blocked by John Carlson.
3:05 of 3rd period - Slapshot by Jason Pominville.
3:05 of 3rd period - Shot Blocked by Jamie McBain.
3:07 of 3rd period - Slapshot by Brent Burns.
3:07 of 3rd period - Shot Misses the Net.
3:14 of 3rd period - Icing by Jamie McBain.
3:15 of 3rd period - Derick Brassard wins face-off versus Joe Pavelski in Blackhawks zone.
4:32 of 3rd period - Derick Brassard is hit by Mikko Koivu and loses puck.
5:16 of 3rd period - Mike Green is hit by Tim Connolly and loses puck.
7:47 of 3rd period - Trevor Daley is hit by Jamie McBain and loses puck.
8:24 of 3rd period - Icing by Blake Wheeler.
8:25 of 3rd period - Derick Brassard wins face-off versus Alexander Steen in Blackhawks zone.
9:02 of 3rd period - Rick Nash is hit by Jamie Benn and loses puck.
9:53 of 3rd period - Snap shot by Jason Pominville.
9:53 of 3rd period - Stopped by Jimmy Howard with a rebound.
9:55 of 3rd period - Slapshot by Marc-Édouard Vlasic.
9:55 of 3rd period - Stopped by Jimmy Howard with a rebound.
10:23 of 3rd period - Slapshot by Mike Comrie.
10:23 of 3rd period - Stopped by Marc-André Fleury without a rebound.
10:24 of 3rd period - Ryan Getzlaf wins face-off versus Mike Comrie in Capitals zone.
10:51 of 3rd period - Gabriel Bourque is hit by T.J. Oshie and loses puck.
11:10 of 3rd period - Snap shot by Mike Comrie.
11:10 of 3rd period - Stopped by Marc-André Fleury with a rebound.
11:12 of 3rd period - Wrist shot by Mike Comrie.
11:12 of 3rd period - Stopped by Marc-André Fleury with a rebound.
11:14 of 3rd period - Slapshot by Gabriel Bourque.
11:14 of 3rd period - Shot Blocked by Ryan Suter.
11:18 of 3rd period - Snap shot by Gabriel Bourque.
11:18 of 3rd period - Stopped by Marc-André Fleury with a rebound.
11:20 of 3rd period - Slapshot by Gabriel Bourque.
11:20 of 3rd period - Stopped by Marc-André Fleury without a rebound.
11:21 of 3rd period - Jordan Staal wins face-off versus Ryan Getzlaf in Capitals zone.
11:22 of 3rd period - Wrist shot by Antoine Roussel.
11:22 of 3rd period - Shot Misses the Net.
11:27 of 3rd period - Brent Burns is hit by Ryan Whitney and loses puck.
11:32 of 3rd period - Wrist shot by Jason Pominville.
11:32 of 3rd period - Shot Blocked by Matthew Spiller.
11:59 of 3rd period - Backhand shot by Derick Brassard.
11:59 of 3rd period - Shot Misses the Net.
12:10 of 3rd period - Icing by Matthew Spiller.
12:11 of 3rd period - Derick Brassard wins face-off versus Derek Roy in Blackhawks zone.
12:48 of 3rd period - Wrist shot by Ryan Getzlaf.
12:48 of 3rd period - Stopped by Jimmy Howard with a rebound.
13:24 of 3rd period - Slapshot by Garnet Hathaway.
13:24 of 3rd period - Shot Misses the Net.
13:26 of 3rd period - Slapshot by John Carlson.
13:26 of 3rd period - Shot Blocked by Jared Spurgeon.
13:28 of 3rd period - Slapshot by Garnet Hathaway.
13:28 of 3rd period - Stopped by Marc-André Fleury with a rebound.
13:39 of 3rd period - Icing by Mike Green.
13:40 of 3rd period - Ryan Getzlaf wins face-off versus Jordan Staal in Capitals zone.
13:47 of 3rd period - Snap shot by Jordan Staal.
13:47 of 3rd period - Shot Misses the Net.
14:16 of 3rd period - Snap shot by Johnny Gaudreau.
14:16 of 3rd period - Shot Blocked by Patrick Sharp.
14:18 of 3rd period - Slapshot by Torey Krug.
14:18 of 3rd period - Stopped by Marc-André Fleury with a rebound.
14:20 of 3rd period - Snap shot by Blake Wheeler.
14:20 of 3rd period - Shot Misses the Net.
14:39 of 3rd period - Alexander Steen is hit by Tim Connolly and loses puck.
15:06 of 3rd period - Icing by John Carlson.
15:07 of 3rd period - Mike Comrie wins face-off versus Derek Roy in Blackhawks zone.
15:38 of 3rd period - Garnet Hathaway is hit by Jason Pominville and loses puck.
16:30 of 3rd period - Icing by John Carlson.
16:31 of 3rd period - Ryan Getzlaf wins face-off versus Gustav Nyquist in Blackhawks zone.
16:59 of 3rd period - Slapshot by Derek Roy.
16:59 of 3rd period - Stopped by Jimmy Howard without a rebound.
17:00 of 3rd period - Antoine Roussel wins face-off versus Ryan Getzlaf in Blackhawks zone.
17:00 of 3rd period - Antoine Roussel is hit by Jason Pominville.
17:33 of 3rd period - Slapshot by Joe Pavelski.
17:33 of 3rd period - Deflect By Derek Roy.
17:33 of 3rd period - Stopped by Jimmy Howard with a rebound.
18:15 of 3rd period - Icing by Ryan Getzlaf.
18:16 of 3rd period - Jordan Staal wins face-off versus Derek Roy in Capitals zone.
18:45 of 3rd period - Snap shot by Jason Pominville.
18:45 of 3rd period - Shot Misses the Net.
19:03 of 3rd period - Blackhawks, Jimmy Howard is pulled from the net.
19:21 of 3rd period - Snap shot by Patrick Sharp.
19:21 of 3rd period - Shot Misses the Net.
19:51 of 3rd period - Slapshot by Nick Leddy.
19:51 of 3rd period - Shot Misses the Net.
Goals for this period are 0 for Blackhawks vs 0 for Capitals.
Shots for this period are 7 for Blackhawks vs 10 for Capitals.
Output by the SimonT Hockey Simulator (STHS) for Francois Prevost